Map: [ESL] Cosmic Sapphire

Players

PattyMac - Winner!

  • Race: Protoss Protoss
  • Spawn Location: 11:00

Zain

  • Race: Protoss Protoss
  • Spawn Location: 5:00

Event: DreamHack SC2 Masters 2022 Valencia

VOD

Have the link to the VOD?

Description

Time

  • Played on: July 1, 2022, 5:31 a.m.
  • Length: 5:27

All games in this series

Show
View Real Time Build Order
Export as new Build Order

PattyMac Protoss - Winner!

Build Orders:  

Get SALT Encoding   

  12  0:00  Probe  
  13  0:12  Probe  
  14  0:17  Pylon  
  14  0:24  Probe (Chrono Boost)  
  16  0:36  Probe (Chrono Boost)  
  16  0:38  Gateway  
  16  0:42  Probe (Chrono Boost)  
  16  0:45  Assimilator  
  17  0:52  Assimilator  
  17  0:55  Probe (Chrono Boost)  
  18  1:07  Probe (Chrono Boost)  
  18  1:08  Gateway  
  19  1:14  Probe (Chrono Boost)  
  20  1:22  Probe  
  20  1:25  Cybernetics Core  
  21  1:34  Probe  
  21  1:37  Pylon  
  22  1:46  Probe  
  23  2:02  Robotics Facility  
  23  2:04  Stalker  
  23  2:05  Stalker  
  27  2:11  Pylon  
  27  2:15  Warp Gate  
  27  2:34  Stalker x2  
  30  2:48  Immortal (Chrono Boost)  
  34  2:58  Gateway  
  35  3:10  Pylon  
  34  3:25  Warp Prism (Chrono Boost)  
  36  3:35  Shield Battery  
  36  4:00  Immortal (Chrono Boost)  
  38  4:18  Stalker  
  38  4:19  Stalker x2  
  44  4:27  Pylon  
  44  4:41  Adept  
  46  4:45  Adept x2  
  50  5:06  Adept x2  
Show
View Real Time Build Order
Export as new Build Order

Zain Protoss 

Build Orders:  

Get SALT Encoding   

  12  0:00  Probe  
  13  0:13  Probe  
  14  0:17  Pylon  
  14  0:25  Probe (Chrono Boost)  
  15  0:37  Probe (Chrono Boost), Gateway  
  16  0:44  Probe (Chrono Boost)  
  16  0:46  Assimilator  
  17  0:51  Probe  
  18  0:59  Assimilator  
  18  1:03  Probe (Chrono Boost)  
  19  1:08  Gateway  
  19  1:13  Probe (Chrono Boost)  
  19  1:18  Probe (Chrono Boost)  
  21  1:26  Cybernetics Core  
  21  1:30  Probe  
  22  1:38  Pylon  
  22  1:42  Probe  
  23  1:56  Probe  
  24  2:02  Stalker x2  
  24  2:03  Warp Gate  
  28  2:15  Pylon  
  28  2:21  Probe  
  29  2:32  Stalker  
  29  2:33  Stalker  
  33  2:47  Robotics Facility  
  33  2:57  Gateway  
  33  3:03  Shield Battery  
  33  3:06  Stalker  
  35  3:14  Stalker  
  33  3:30  Pylon  
  33  3:36  Shield Battery  
  31  3:42  Immortal (Chrono Boost)  
  35  3:54  Sentry x2  
  39  4:03  Pylon  
  35  4:18  Pylon  
  35  4:24  Immortal (Chrono Boost)  
  39  4:40  Sentry, Shield Battery  
  41  4:49  Gateway  
  31  5:11  Stalker x2  

Tags
 
Add a new tag
Caveats
  • Supply blocks, unpowered buildings, or Contaminate may cause inaccurate times.
  • Supply counts are checked every 10 seconds.